Map: Abyssal Reef LE

Players

DonSybreak

  • Race: Terran Terran
  • League: Platinum
  • Spawn Location: 11:00

axu - Winner!

  • Race: Protoss Protoss
  • League: Platinum
  • Spawn Location: 5:00

VOD

Have the link to the VOD?

Description

Time

  • Played on: Dec. 27, 2017, 11:06 a.m.
  • Length: 7:14
Show
View Real Time Build Order
Export as new Build Order

DonSybreak Terran 

Build Orders:  

Get SALT Encoding   

  12  0:01  SCV  
  13  0:13  SCV  
  14  0:18  Supply Depot  
  14  0:25  SCV  
  15  0:39  SCV  
  15  0:41  Barracks  
  16  1:04  Barracks  
  16  1:10  Barracks  
  16  1:31  Marine  
  17  1:43  Supply Depot  
  17  1:47  Orbital Command  
  17  1:52  Barracks  
  17  1:56  Barracks  
  17  2:06  Marine x2  
  17  2:07  Marine  
  20  2:20  Supply Depot  
  20  2:26  Marine x3  
  23  2:44  Marine x5  
  28  3:02  Marine x3  
  28  3:04  Marine x2  
  33  3:19  Marine  
  33  3:20  Marine x2  
  33  3:22  Marine x2  
  38  3:32  Supply Depot  
  38  3:37  Marine x2  
  38  3:40  Supply Depot  
  32  4:12  Marine x5  
  32  4:29  Marine  
  32  4:30  Marine x2  
  30  4:41  Marine x2  
  32  4:47  Marine x2  
  32  4:48  Marine  
  35  4:59  Marine x2  
  34  5:05  Marine x3  
  30  5:17  Marine x2  
  30  5:23  Marine x3  
  30  5:34  Marine x2  
  30  5:41  Marine  
Show
View Real Time Build Order
Export as new Build Order

axu Protoss - Winner!

Build Orders:  

Get SALT Encoding   

  12  0:01  Probe  
  13  0:13  Probe  
  14  0:17  Pylon  
  14  0:25  Probe  
  15  0:35  Gateway  
  15  0:38  Probe  
  16  0:46  Assimilator  
  16  0:51  Probe  
  17  1:03  Probe (Chrono Boost)  
  18  1:13  Probe (Chrono Boost)  
  19  1:34  Gateway  
  19  1:41  Cybernetics Core  
  19  1:44  Gateway  
  19  1:48  Assimilator  
  19  1:50  Probe  
  20  2:02  Probe  
  21  2:16  Probe  
  21  2:19  Warp Gate (Chrono Boost)  
  22  2:28  Pylon  
  22  2:32  Pylon  
  22  2:38  Probe  
  23  2:46  Stalker x3  
  29  2:54  Probe  
  30  3:02  Pylon  
  30  3:07  Pylon  
  30  3:25  Stalker x3  
  34  4:23  Stalker x2  
  34  4:24  Stalker  
  36  4:52  Stalker x3  
  42  5:06  Pylon  
Tags
 
Add a new tag
Caveats
  • Supply blocks, unpowered buildings, or Contaminate may cause inaccurate times.
  • Supply counts are checked every 10 seconds.